 Dungeon Crawl Stone Soup version 0.17.1-3-g152610e (webtiles) character file.

3981 pragmatic the Protected (level 10, -2/56 HPs)
             Began as a Gargoyle Berserker on Apr 28, 2016.
             Was a High Priest of Trog.
             Slain by a water moccasin (4 damage)
             ... on level 8 of the Dungeon.
             The game lasted 00:52:06 (7472 turns).

pragmatic the Protected (Gargoyle Berserker)        Turns: 7472, Time: 00:52:07

Health: -2/56      AC: 23    Str: 24    XL:     10   Next: 22%
Magic:  10/10      EV:  8    Int:  8    God:    Trog [*****.]
Gold:   102        SH:  0    Dex:  9    Spells: 0 memorised, 9 levels left

rFire  . . .     SeeInvis .     p - +2 hand axe (chop)
rCold  . . .     Clarity  .     n - +0 plate armour
rNeg   + . .     SustAt   .     (no shield)
rPois  ∞         Gourm    .     h - +0 helmet
rElec  +         Spirit   .     (no cloak)
rCorr  .         Warding  .     (no gloves)
rMut   .         Stasis   .     (no boots)
MR     .....                    (no amulet)
Stlth  ..........               (no ring)
                                (no ring)

@: not resistant to hostile enchantments, extremely unstealthy
A: negative energy resistance 1, electricity resistance, unbreathing,
petrification resistance, rot immunity, AC +7
a: Berserk, Trog's Hand, Brothers in Arms, Burn Spellbooks, Renounce Religion


You were on level 8 of the Dungeon.
You worshipped Trog.
Trog was extremely pleased with you.
You were very hungry.

You visited 2 branches of the dungeon, and saw 9 of its levels.
You also visited: Sewer.

You collected 332 gold pieces.
You spent 230 gold pieces at shops.

Inventory:

Hand Weapons
 p - a +2 hand axe of chopping (weapon)
 F - a +1 halberd of chopping
Armour
 h - a +0 helmet (worn)
 n - a +0 plate armour (worn)
Jewellery
 d - an uncursed ring of protection from cold
 y - an uncursed amulet of stasis
 D - an uncursed ring of flight {unknown}
Wands
 e - a wand of confusion (12)
 i - a wand of fire (10)
 o - a wand of random effects (19)
 w - a wand of digging (7)
Scrolls
 b - 9 scrolls of identify
 c - 4 scrolls of teleportation
 l - 4 scrolls of enchant weapon
 m - a scroll of amnesia
 z - a scroll of fog {unknown}
 A - a scroll of immolation {unknown}
 B - 4 scrolls of holy word {unknown}
 E - a scroll of remove curse {unknown}
Potions
 a - a potion of ambrosia {unknown}
 f - 4 potions of agility
 k - 3 potions of heal wounds {unknown}
 q - 4 potions of curing {unknown}
 r - 5 potions of poison {unknown}
 s - a potion of mutation {unknown}
 t - 5 potions of might {unknown}
 v - 3 potions of magic {unknown}
 C - a potion of beneficial mutation {unknown}
Comestibles
 j - 2 meat rations
 u - a slice of pizza
 x - a royal jelly
 G - 13 chunks of flesh


   Skills:
 - Level 3.2 Fighting
 + Level 10.4 Axes
 * Level 10.5 Armour
 - Level 1.5 Dodging


You had 9 spell levels left.
You didn't know any spells.

Dungeon Overview and Level Annotations

Branches:
Dungeon (8/15)             Temple (1/1) D:4
   Lair: D:8-11

Altars:
Ashenzari
Cheibriados
Dithmenos
Elyvilon
Fedhas
Gozag
Kikubaaqudgha
Makhleb
Nemelex Xobeh
Qazlal
Ru
Sif Muna
Trog
Xom
Yredelemnul
Zin
The Shining One

Shops:
D:6 [


Innate Abilities, Weirdness & Mutations

You are resistant to torment.
Your stone body is resilient (AC +7).
You are immune to poison.
You resist negative energy.
You are resistant to electric shocks.
You can survive without breathing.
You are immune to petrification.
You are immune to rotting.


Message History

You miss the water moccasin.
The water moccasin is lightly wounded.
The water moccasin bites you.
* * * LOW HITPOINT WARNING * * *
Your plate armour prevents you from hitting the water moccasin.
The water moccasin is lightly wounded.
The water moccasin closely misses you.
You slash the water moccasin!
The water moccasin is moderately wounded.
The water moccasin bites you but does no damage.
You closely miss the water moccasin.
The water moccasin is moderately wounded.
The water moccasin closely misses you.
You closely miss the water moccasin.
The water moccasin is moderately wounded.
The water moccasin bites you but does no damage.
You hit the water moccasin.
The water moccasin is moderately wounded.
The water moccasin bites you.
You die...

#.# #.# ..... #.# #######'###
..... #.# #.........# ..... #.#
#....[....# #### #.# #.........#
# #.# #######'################
#.# ....................)÷). #.#
#########.################ #.#
.........@....... ....... #.#
#######.#S################ #.#
#(#.............. .
##.##########.#######.##########
#.............##...##....# #...#
###############.....##...##.....
#....).)#...#......
#..(....'...'....$%
#.......#...#......


You could see a water moccasin.

Vanquished Creatures
  Pikel (D:7)
  Joseph (D:7)
  A shadow (D:8)
  Sigmund (D:4)
  Eustachio (D:5)
  A hippogriff (D:7)
  3 sky beasts
  An orc warrior (D:6)
  A black bear (D:8)
  An ogre (D:5)
  3 centaurs
  Blork the orc (D:6)
  4 giant frogs
  3 wights (D:6)
  2 electric eels
  3 crimson imps
  A jelly (D:5)
  A centaur zombie (D:8)
  4 hounds
  8 orc priests
  9 orc wizards
  Jessica (D:2)
  5 worker ants
  A killer bee zombie (D:5)
  A hound zombie (D:6)
  4 gnolls (D:8)
  5 river rats
  12 adders
  2 shadow imps
  4 oozes
  4 worms
  4 giant geckos
  18 orcs
  3 ball pythons
  9 giant cockroaches
  7 goblins
  9 hobgoblins
  8 jackals
  3 quokkas
  7 bats
  A giant gecko zombie (D:6)
  11 giant newts
  A jackal skeleton (D:6)
  A jackal zombie (D:7)
  13 kobolds
  A quokka skeleton (D:4)
  A quokka zombie (D:5)
  9 rats
  A butterfly (D:6)
197 creatures vanquished.

Vanquished Creatures (others)
  A slave (D:7)
  A crimson imp (D:7)
2 creatures vanquished.

Grand Total: 199 creatures vanquished

Notes
Turn   | Place    | Note
--------------------------------------------------------------
     0 | D:1      | pragmatic the Gargoyle Berserker began the quest for the Orb.
     0 | D:1      | Reached XP level 1. HP: 14/14 MP: 1/1
    95 | D:1      | Reached XP level 2. HP: 19/19 MP: 2/2
   831 | D:1      | Reached XP level 3. HP: 23/23 MP: 3/3
  1223 | D:2      | Reached ** piety under Trog
  1363 | D:2      | Noticed Jessica
  1373 | D:2      | Killed Jessica
  1373 | D:2      | Reached skill level 4 in Axes
  1373 | D:2      | Reached XP level 4. HP: 28/28 MP: 4/4
  1490 | D:2      | Found a bloodstained altar of Trog.
  1642 | D:3      | Found a stormy altar of Qazlal.
  1758 | D:3      | Reached XP level 5. HP: 30/32 MP: 5/5
  1978 | D:3      | Found a shadowy altar of Dithmenos.
  2295 | D:3      | Reached *** piety under Trog
  2376 | D:4      | Reached skill level 5 in Axes
  2390 | D:4      | Noticed Sigmund
  2411 | D:4      | Killed Sigmund
  2411 | D:4      | Reached XP level 6. HP: 37/37 MP: 6/6
  2524 | D:4      | Reached skill level 6 in Axes
  2531 | D:4      | Reached XP level 7. HP: 21/41 MP: 7/7
  2584 | D:4      | Found a staircase to the Ecumenical Temple.
  2603 | Temple   | Entered the Ecumenical Temple
  2918 | D:4      | Found an ancient bone altar of Kikubaaqudgha.
  2919 | D:4      | Found a shattered altar of Ashenzari.
  2928 | D:4      | Found a basalt altar of Yredelemnul.
  2942 | D:4      | Found a sparkling altar of Nemelex Xobeh.
  3064 | D:4      | Found a glowing drain.
  3084 | Sewer    | Entered a sewer
  3116 | Sewer    | Reached skill level 5 in Armour
  3179 | Sewer    | Reached **** piety under Trog
  3574 | D:4      | Noticed a moth of wrath
  3577 | D:4      | Found a bloodstained altar of Trog.
  3849 | D:5      | Entered Level 5 of the Dungeon
  4194 | D:5      | Found a sacrificial altar of Ru.
  4238 | D:5      | Found an opulent altar of Gozag.
  4318 | D:5      | Noticed Eustachio
  4359 | D:5      | Killed Eustachio
  4359 | D:5      | Reached skill level 7 in Axes
  4422 | D:5      | Reached XP level 8. HP: 40/46 MP: 8/8
  4593 | D:5      | Found a snail-covered altar of Cheibriados.
  4840 | D:6      | Found Vuamet's Armour Shop.
  4864 | D:6      | Bought a +0 plate armour for 230 gold pieces
  4959 | D:6      | Found a shimmering altar of Xom.
  5005 | D:6      | Reached skill level 8 in Axes
  5036 | D:6      | Noticed Blork the orc
  5051 | D:6      | Killed Blork the orc
  5260 | D:6      | Reached XP level 9. HP: 47/51 MP: 9/9
  5289 | D:6      | Reached skill level 9 in Axes
  5306 | D:6      | Reached ***** piety under Trog
  6426 | D:7      | Found a shattered altar of Ashenzari.
  6456 | D:7      | Noticed Pikel
  6472 | D:7      | Killed Pikel
  6549 | D:7      | Reached skill level 10 in Axes
  6773 | D:7      | Noticed Joseph
  6798 | D:7      | Killed Joseph
  6798 | D:7      | Reached skill level 10 in Armour
  6798 | D:7      | Reached XP level 10. HP: 43/56 MP: 10/10
  7445 | D:8      | HP: 2/56 [orc priest/divine providence (14)]
  7467 | D:8      | HP: 1/56 [water moccasin (3)]
  7472 | D:8      | Slain by a water moccasin

Action                   |  1- 3 |  4- 6 |  7- 9 | 10-12 || total
-------------------------+-------+-------+-------+-------++-------
Melee: Hand axe          |   117 |   125 |   539 |    76 ||   857
Invok: Berserk           |     1 |     1 |     3 |     1 ||     6
  Use: Scroll            |     1 |     1 |    11 |     1 ||    14
  Eat: Bread ration      |     1 |       |     1 |       ||     2
       Chunk             |       |     3 |    11 |     2 ||    16
       Royal jelly       |       |       |     1 |       ||     1
